 Dungeon Crawl Stone Soup version 0.23-a0-726-g9fa1570 (webtiles) character file.

105 galech the Shield-Bearer (level 4, -2/35 HPs)
             Began as a Demonspawn Fighter on Jan 16, 2019.
             Slain by a sky beast (6 damage)
             ... on level 3 of the Dungeon.
             The game lasted 00:01:44 (1704 turns).

galech the Shield-Bearer (Demonspawn Fighter)       Turns: 1704, Time: 00:01:44

Health: -2/35      AC:  6    Str: 16    XL:     4   Next: 54%
Magic:  4/4        EV:  7    Int:  9    God:
Gold:   93         SH:  9    Dex: 14    Spells: 3/3 levels left

rFire    . . .     SeeInvis .   a - +0 war axe
rCold    . . .     Gourm    +   c - +0 shield
rNeg     . . .     Faith    .   b - +0 scale mail
rPois    .         Spirit   .   (no helmet)
rElec    .         Reflect  .   (no cloak)
rCorr    .         Harm     .   (no gloves)
MR       .....                  (no boots)
Stlth    ..........             i - amulet of the gourmand
HPRegen  0.11/turn              (no ring)
MPRegen  0.09/turn              (no ring)

@: no status effects
A: powered by pain 2
a: no special abilities


You were on level 3 of the Dungeon.
You were very full.

You visited 1 branch of the dungeon, and saw 3 of its levels.

You collected 93 gold pieces.

Inventory:

Hand Weapons
 a - a +0 war axe (weapon)
Armour
 b - a +0 scale mail (worn)
 c - a +0 shield (worn)
Jewellery
 i - an amulet of the gourmand (around neck)
Scrolls
 h - a scroll of enchant weapon {unknown}
 j - 2 scrolls of remove curse {unknown}
 k - a scroll of immolation {unknown}
 m - a scroll of amnesia {unknown}
 n - 4 scrolls of identify {unknown}
Potions
 d - 2 potions of might
 e - a potion of flight {unknown}
 g - 2 potions of invisibility {unknown}
 l - a potion of berserk rage {unknown}
 o - a potion of ambrosia {unknown}
Comestibles
 f - 6 rations
 p - a chunk of flesh


   Skills:
 + Level 3.3 Fighting
 + Level 3.0 Axes
 + Level 2.9 Armour
 + Level 0.7 Dodging
 + Level 3.5 Shields


You had 3 spell levels left.
You didn't know any spells.
Your spell library contained the following spells:

 Spells                   Type           Power        Failure   Level  Hunger
 Beastly Appendage        Tmut           #.....       99%         1    ##.....


Dungeon Overview and Level Annotations

Branches:
Dungeon (3/15)

Altars:
Elyvilon
Kikubaaqudgha
Ru
Sif Muna
Vehumet
Yredelemnul
The Shining One


Innate Abilities, Weirdness & Mutations

You sometimes gain power by taking damage.


Message History

You hit the sky beast but do no damage.
The sky beast is moderately wounded.
The sky beast flickers out of sight!
Deactivating autopickup; reactivate with Ctrl-A.
You block something's attack. Something hits you but does no damage.
Your shield and scale mail prevent you from hitting something.
You block something's attack.
You closely miss something. Something hits you. Something shocks you.
Something hits you but does no damage.
You closely miss something. Something hits you but does no damage.
You barely miss something. Something hits you. Something shocks you.
Something hits you. Something shocks you.
You closely miss something. Something hits you.
* * * LOW HITPOINT WARNING * * *
Something shocks you.
* * * LOW HITPOINT WARNING * * *
You hit something. Something hits you.
* * * LOW HITPOINT WARNING * * *
Something shocks you.
You die...

...# ## # # #... ....
#.#...##.#.#
#############.#......#..
......{@................
...######.###.#.........
#.# #......... #.# #
#....)...( #.#
#<#.........
.#######.###.#.........
..........##......._...
.#######..####.###.....
#####..####.# #.....


There were no monsters in sight!

Vanquished Creatures
  5 adders (D:2)
  An ooze (D:1)
  A worm (D:2)
  A dart slug (D:1)
  3 leopard geckos (D:2)
  5 bats
  6 giant cockroaches
  5 goblins
  5 hobgoblins
  4 jackals (D:1)
  3 frilled lizards
  2 kobolds
  5 rats
46 creatures vanquished.

Notes
Turn   | Place    | Note
-------+----------+-------------------------------------------
     0 | D:1      | galech the Demonspawn Fighter began the quest for the Orb.
     0 | D:1      | Reached XP level 1. HP: 18/18 MP: 1/1
    44 | D:1      | Gained mutation: You sometimes gain a little power by
                  | taking damage. [demonic ancestry]
    44 | D:1      | Reached XP level 2. HP: 22/24 MP: 2/2
   329 | D:1      | Gained mutation: You sometimes gain power by taking damage.
                  | [demonic ancestry]
   329 | D:1      | Reached XP level 3. HP: 25/29 MP: 3/3
   565 | D:2      | Found an ancient bone altar of Kikubaaqudgha.
   565 | D:2      | Found a deep blue altar of Sif Muna.
   570 | D:2      | Found a radiant altar of Vehumet.
   577 | D:2      | Identified Sif Muna's Handbook of Transmigration
   608 | D:2      | Found a white marble altar of Elyvilon.
   961 | D:2      | Reached XP level 4. HP: 27/35 MP: 4/4
  1218 | D:2      | Found a glowing golden altar of the Shining One.
  1589 | D:2      | Found a basalt altar of Yredelemnul.
  1655 | D:3      | Found a sacrificial altar of Ru.
  1690 | D:3      | Noticed a sky beast
  1704 | D:3      | Slain by a sky beast

Vault maps used:
D:1:      tarquinn_simple_flora_water_e, grunt_decor_arrowhead,
          minmay_misc_feat_chi
D:2:      grunt_temple_overflow_magic_moments, kennysheep_ying_yang,
          nicolae_tso_carved_into_rock
D:3:      nicolae_overflow_hidden_temple, overflow_temple_1_default

Skill      XL: |  1  2  3  4 |
---------------+-------------+-----
Shields        | 3 |  3.5
Axes           | 2 3 |  3.0
Fighting       | |  3.3
Armour         | |  2.9
Dodging        | |  0.7

Action                   |  1- 3 |  4- 6 || total
-------------------------+-------+-------++-------
Melee: War axe           |    85 |    50 ||   135
  Eat: Chunk             |     2 |    10 ||    12
Armor: Scale mail        |    62 |    20 ||    82
Dodge: Dodged            |    23 |    14 ||    37
Block: Shield            |    50 |    30 ||    80

Table legend:
 A = Non-vault XP
 B = Vault XP
 C = Vault XP percentage of total XP
 D = Non-vault monster count
 E = Vault monster count
 F = Vault count percentage of total count
                 A         B        C        D         E       F
            +---------+---------+-------+---------+---------+-------
      Total |     151 |       0 |   0.0 |      46 |       0 |   0.0
            +---------+---------+-------+---------+---------+-------
        D:1 |      53 |       0 |   0.0 |      26 |       0 |   0.0
        D:2 |      94 |       0 |   0.0 |      18 |       0 |   0.0
        D:3 |       4 |       0 |   0.0 |       2 |       0 |   0.0
            +---------+---------+-------+---------+---------+-------
